 Dungeon Crawl Stone Soup version 0.18-a0-1353-gf2a912f (webtiles) character file.

1268 Oddball22 the Ducker (level 8, 0/55 HPs)
             Began as a High Elf Skald on Feb 19, 2016.
             Was a Follower of Ashenzari.
             Slain by a sky beast (6 damage)
             ... on level 5 of the Dungeon.
             The game lasted 00:14:57 (5877 turns).

Oddball22 the Ducker (High Elf Skald)               Turns: 5877, Time: 00:14:57

Health: 0/55       AC:  4    Str: 11    XL:     8   Next: 28%
Magic:  17/17      EV: 16    Int: 15    God:    Ashenzari [*.....]
Gold:   171        SH:  0    Dex: 18    Spells: 4 memorised, 10 levels left

rFire  . . .     SeeInvis .     v - +1 scythe (slice)
rCold  . . .     Gourm    .     b - +0 leather armour
rNeg   . . .     Faith    .     (shield currently unavailable)
rPois  .         Spirit   .     p - +0 helmet (curse)
rElec  .         Dismiss  .     (no cloak)
rCorr  .         Reflect  .     (no gloves)
SustAt .         Harm     .     (no boots)
MR     .....                    B - amulet of regeneration
Stlth  ++........               (no ring)
                                (no ring)

@: not resistant to hostile enchantments, unstealthy
A: no striking features
a: Curse Item, Scrying, Renounce Religion


You were on level 5 of the Dungeon.
You worshipped Ashenzari.
Ashenzari was aware of your devotion.
You were not hungry.

You visited 1 branch of the dungeon, and saw 5 of its levels.

You collected 171 gold pieces.

Inventory:

Hand Weapons
 a - a +0 whip of electrocution
 v - a +1 scythe of slicing (weapon)
 y - a +2 dagger of venom
 D - a cursed -1 shortbow
 E - a +1 mace of holy wrath
Missiles
 t - 41 arrows
 w - 15 arrows of frost
 x - 18 arrows of flame
 F - 2 javelins (quivered)
Armour
 b - a +0 leather armour (worn)
 p - a cursed +0 helmet (worn)
Jewellery
 B - an amulet of regeneration (around neck)
Scrolls
 e - 6 scrolls of identify {unknown}
 f - 3 scrolls of fog {unknown}
 h - 2 scrolls of enchant armour {unknown}
 i - a scroll of random uselessness {unknown}
 l - a scroll of amnesia {unknown}
 q - a scroll of enchant weapon {unknown}
 r - 2 scrolls of immolation {unknown}
 z - a scroll of magic mapping {unknown}
Potions
 g - a potion of curing {unknown}
 j - 2 potions of flight {unknown}
 k - 3 potions of ambrosia {unknown}
 n - a potion of agility {unknown}
 o - a potion of brilliance {unknown}
 s - 2 potions of cancellation {unknown}
 u - a potion of berserk rage {unknown}
Books
 c - a book of Battle

   Spells                             Type                      Level
   a - Infusion                       Charms                       1
   b - Shroud of Golubria             Charms/Translocation         2
   c - Song of Slaying                Charms                       2
   d - Spectral Weapon                Hexes/Charms                 3
   e - Regeneration                   Charms/Necromancy            3
Comestibles
 d - 4 bread rations
 m - 2 beef jerkies
 A - a meat ration
 C - 2 chunks of flesh


   Skills:
 + Level 5.2 Fighting
 + Level 5.5 Short Blades
   Level 0.1(0.2) Axes
 - Level 0.1(0.2) Polearms
 - Level 0.8 Armour
 + Level 6.0 Dodging
 - Level 2.0 Stealth
 + Level 5.6 Spellcasting
 - Level 3.6 Charms
 - Level 0.9 Translocations


You had 10 spell levels left.
You knew the following spells:

 Your Spells              Type           Power        Failure   Level  Hunger
a - Infusion              Chrm           ###.         4%          1    None
b - Song of Slaying       Chrm           ###.....     10%         2    #......
c - Shroud of Golubria    Chrm/Tloc      ##........   14%         2    #......
d - Regeneration          Chrm/Necr      #.........   30%         3    ###....


Dungeon Overview and Level Annotations

Branches:
Dungeon (5/15)
 Temple: D:4-7

Altars:
Ashenzari
Dithmenos
Elyvilon
Gozag
Makhleb
Ru

Shops:
D:4 (


Message History

The sky beast closely misses you.
Your leather armour prevents you from hitting the sky beast.
The sky beast is heavily wounded.
The sky beast misses you. The sky beast hits you. The sky beast shocks you.
You closely miss the sky beast.
The sky beast is heavily wounded.
The sky beast hits you but does no damage.
The sky beast flickers out of sight!
Deactivating autopickup; reactivate with Ctrl-A.
Something hits you. Something shocks you.
You hit something but do no damage. Something hits you but does no damage.
Something hits you. Something shocks you. Something hits you.
* * * LOW HITPOINT WARNING * * *
Something shocks you.
* * * LOW HITPOINT WARNING * * *
Something hits you.
* * * LOW HITPOINT WARNING * * *
Something shocks you.
You die...

................
#....##..........
#.........<#'####
#.......##.#.#
#>....#.#..#.#
#....##.#..#.#
#####+##.......#..#.#
............####+##'####
.......@....#...........
.......{................
#############...........
##...#.#.....
#...##.##....
##.###...##..#
#..##.....##..
#..[...♣...'..
#..###...###..


There were no monsters in sight!

Vanquished Creatures
  Pikel (D:4)
  Sigmund (D:3)
  An ogre (D:4)
  A centaur (D:5)
  A crimson imp (D:3)
  3 hounds (D:4)
  7 orc wizards
  A worker ant (D:5)
  Robin (D:2)
  A gnoll (D:4)
  5 adders
  An ooze (D:1)
  5 giant geckos
  11 orcs
  A ball python (D:1)
  2 giant cockroaches
  8 hobgoblins
  3 jackals (D:1)
  4 kobolds
  A quokka (D:4)
  5 bats
  6 giant newts
  13 goblins
  A jackal skeleton (D:4)
  4 rats (D:2)
88 creatures vanquished.

Notes
Turn   | Place    | Note
--------------------------------------------------------------
     0 | D:1      | Oddball22 the High Elf Skald began the quest for the Orb.
     0 | D:1      | Reached XP level 1. HP: 14/14 MP: 4/4
   588 | D:1      | Reached XP level 2. HP: 6/19 MP: 1/6
  1630 | D:2      | Noticed Robin
  1647 | D:1      | Reached XP level 3. HP: 22/25 MP: 8/8
  1651 | D:1      | Learned a level 2 spell: Song of Slaying
  1654 | D:1      | Learned a level 2 spell: Shroud of Golubria
  1678 | D:1      | Learned a level 3 spell: Regeneration
  1708 | D:2      | Killed Robin
  2119 | D:2      | Found an opulent altar of Gozag.
  2482 | D:2      | Found a shattered altar of Ashenzari.
  2502 | D:2      | Became a worshipper of Ashenzari the Shackled
  3029 | D:3      | Found a sacrificial altar of Ru.
  3248 | D:3      | Reached XP level 4. HP: 30/30 MP: 5/9
  3437 | D:3      | Found a burning altar of Makhleb.
  3437 | D:3      | Noticed an Executioner
  3624 | D:3      | Reached * piety under Ashenzari
  3650 | D:3      | Noticed Sigmund
  3686 | D:3      | Killed Sigmund
  3686 | D:3      | Reached skill level 1 in Stealth
  3686 | D:3      | Reached XP level 5. HP: 10/36 MP: 6/11
  3686 | D:3      | Reached XP level 6. HP: 11/42 MP: 6/12
  3962 | D:3      | Reached skill level 4 in Dodging
  4497 | D:4      | Found a shadowy altar of Dithmenos.
  4675 | D:4      | Reached XP level 7. HP: 32/48 MP: 7/14
  4959 | D:4      | Found Myfox's Antique Weapon Shop.
  5156 | D:4      | Reached skill level 5 in Dodging
  5158 | D:4      | Found a white marble altar of Elyvilon.
  5266 | D:4      | Noticed Pikel
  5284 | D:4      | Killed Pikel
  5284 | D:4      | Reached skill level 5 in Fighting
  5284 | D:4      | Reached skill level 5 in Short Blades
  5284 | D:4      | Reached skill level 5 in Spellcasting
  5284 | D:4      | Reached XP level 8. HP: 8/55 MP: 8/17
  5610 | D:5      | Entered Level 5 of the Dungeon
  5774 | D:5      | Reached skill level 6 in Dodging
  5877 | D:5      | Slain by a sky beast

Vault maps used:
D:1:      lemuel_arrival_rhombus
D:2:      grunt_gozag_statues, nicolae_overflow_hidden_temple,
          evilmike_ruin_ashenzari, uniq_robin
D:3:      makhleb_altar_promises_db, nicolae_ru_awakened_eye, uniq_sigmund
D:4:      nicolae_dithmenos_the_darkroom, lemuel_crystal_altar, serial_shops,
          nicolae_shop_waterfront, cheibrodos_gnoll_hut, uniq_pikel
D:5:      temple_pool_a, first_bread, grunt_ministairs_15,
          eino_small_chamber_without_monster

Action                   |  1- 3 |  4- 6 |  7- 9 || total
-------------------------+-------+-------+-------++-------
Melee: Short sword       |   170 |     4 |       ||   174
       Hand axe          |       |    18 |       ||    18
       Dagger            |       |    59 |    42 ||   101
       Scythe            |       |    15 |    17 ||    32
       Whip              |       |       |     9 ||     9
 Cast: Infusion          |     8 |     7 |     4 ||    19
       Shroud of Golubri |     2 |     4 |     4 ||    10
       Song of Slaying   |     2 |     3 |     1 ||     6
       Regeneration      |       |       |     1 ||     1
Invok: Curse Item        |       |     1 |       ||     1
 Stab: Sleeping          |     1 |     1 |     2 ||     4
  Eat: Chunk             |     7 |     5 |     5 ||    17
